 Dungeon Crawl Stone Soup version 0.28-a0-823-gb444dcf96d (webtiles) character file.

Game seed: 6318929172628757314

176970 Avanven the Black Belt (level 17, -2/140 HPs)
             Began as a Naga Transmuter on Nov 10, 2021.
             Was the Champion of Cheibriados.
             Slain by a merfolk (11 damage)
             ... on level 4 of the Shoals.
             The game lasted 01:56:59 (34815 turns).

Avanven the Black Belt (Naga Transmuter)           Turns: 34815, Time: 01:56:59

Health: -2/140     AC: 21    Str: 30    XL:     17   Next: 84%
Magic:  0/28       EV: 20    Int: 30    God:    Cheibriados [******]
Gold:   1184       SH:  0    Dex: 37    Spells: 9/31 levels left

rFire   . . .      SeeInvis +     - Unarmed
rCold   . . .      Faith    .   (shield currently unavailable)
rNeg    + . .      Spirit   +   (armour currently unavailable)
rPois   ∞          Reflect  .   (helmet currently unavailable)
rElec   +          Harm     .   (cloak currently unavailable)
rCorr   .          Rampage  .   (gloves currently unavailable)
Will    +++..                   (no barding)
Stlth   +.........              l - amulet of Nyd Zax {Spirit Will+ Dex+7 Stlth-}
HPRegen 0.33/turn               v - +4 ring of protection
MPRegen 0.21/turn               a - ring of positive energy

@: storm-form, silenced (expiring), flying, very slightly contaminated,
invisible, very slow
A: cleaving, flying, AC +5, large, see invisible, (deformed body), (poison
resistance), (slowness 2), spit poison 1, (naga tail 2)
}: 1/15 runes: serpentine
a: Spit Poison, Blinkbolt, End Transformation, Renounce Religion


You were on level 4 of the Shoals.
You worshipped Cheibriados.
Cheibriados was exalted by your worship.
You were a lightning-filled tempest!
You visited 5 branches of the dungeon, and saw 25 of its levels.
You also visited: Sewer.

You collected 1558 gold pieces.
You spent 374 gold pieces at shops.

Inventory:

Missiles
 e - 7 throwing nets
Armour
 r - a +2 robe of willpower (melded)
 t - a +0 buckler
 D - a +0 cloak (melded)
 H - a +2 hat of intelligence (melded)
 I - a +2 kite shield (melded)
Jewellery
 a - a ring of positive energy (right hand)
 g - a ring of wizardry
 h - a ring of willpower
 l - the amulet of Nyd Zax (around neck) {Spirit Will+ Dex+7 Stlth-}
   (You acquired it on level 3 of the Dungeon)

   [amulet of guardian spirit]

   It causes incoming damage to be divided between your reserves of health and
   magic.
   Dex:       It affects your dexterity (+7).
   Will:      It increases your willpower.
   Stlth:     It makes you less stealthy.
 q - a ring of fire
 s - a ring of resist corrosion
 v - a +4 ring of protection (left hand)
 C - an amulet of reflection
 M - an amulet of reflection
Wands
 k - a wand of polymorph (7)
 o - a wand of flame (25)
 y - a wand of digging (7)
 B - a wand of charming (19)
 F - a wand of mindburst (34)
 G - a wand of iceblast (31)
 K - a wand of acid (27)
Scrolls
 f - 3 scrolls of silence
 i - 5 scrolls of identify
 n - 4 scrolls of teleportation
 p - a scroll of amnesia
 w - 3 scrolls of enchant armour
 x - a scroll of magic mapping
 E - 2 scrolls of fog
 J - a scroll of brand weapon
 L - a scroll of enchant weapon
Potions
 b - 2 potions of flight
 c - 3 potions of ambrosia
 d - 5 potions of might
 j - 5 potions of curing
 m - 3 potions of magic
 u - 4 potions of cancellation
 z - a potion of invisibility
 A - 5 potions of brilliance


   Skills:
 - Level 6.0 Fighting
 - Level 3.1 Dodging
 - Level 9.0 Shields
 + Level 18.4 Unarmed Combat
 - Level 7.5 Spellcasting
 - Level 14.4 Transmutations
 - Level 7.2 Ice Magic
 - Level 13.3 Air Magic
 + Level 8.3 Invocations


You had 9 spell levels left.
You knew the following spells:

 Your Spells              Type           Power      Damage    Failure   Level
a - Storm Form            Tmut/Air       38%        N/A       13%         7
b - Spider Form           Tmut/Pois      53%        N/A       1%          3
c - Ice Form              Ice/Tmut       66%        N/A       1%          4
d - Ozocubu's Armour      Ice            53%        N/A       1%          3
e - Silence               Hex/Air        25%        N/A       9%          5

Your spell library contained the following spells:

 Spells                   Type           Power      Damage    Failure   Level
 Beastly Appendage        Tmut           100%       N/A       0%          1
 Ensorcelled Hibernation  Hex/Ice        66%        N/A       1%          2
 Passwall                 Tmut/Erth      44%        N/A       1%          2
 Wereblood                Tmut           78%        N/A       1%          2
 Summon Lightning Spire   Summ/Air       50%        N/A       3%          4
 Foxfire                  Conj/Fire      44%        2x1d6     4%          1
 Magic Dart               Conj           44%        1d5       4%          1
 Pain                     Necr           44%        1d6       4%          1
 Sandblast                Erth           22%        2d7       4%          1
 Blink                    Tloc           22%        N/A       7%          2
 Searing Ray              Conj           22%        2d5       7%          2
 Conjure Flame            Conj/Fire      11%        6-21      14%         3
 Dazzling Flash           Conj/Hex       22%        N/A       14%         3
 Inner Flame              Hex/Fire       11%        N/A       14%         3
 Stone Arrow              Conj/Erth      22%        3d8       14%         3
 Metabolic Englaciation   Hex/Ice        16%        N/A       28%         5
 Flame Wave               Conj/Fire      11%        3d4       41%         4
 Fulminant Prism          Conj/Hex       5%         3d7       41%         4
 Iskenderun's Mystic Bla  Conj/Tloc      11%        2d4       41%         4
 Passage of Golubria      Tloc           11%        N/A       41%         4
 Agony                    Necr           11%        N/A       77%         5
 Excruciating Wounds      Necr           5%         N/A       77%         5
 Lee's Rapid Deconstruct  Erth           5%         3d7*      77%         5
 Manifold Assault         Tloc           11%        N/A       77%         5
 Maxwell's Capacitive Co  Air            37%        ∞         77%         8
 Simulacrum               Ice/Necr       16%        N/A       83%         6
 Ozocubu's Refrigeration  Ice            26%        4d10      88%         7
 Starburst                Conj/Fire      5%         6d4       100%        6
 Lehudib's Crystal Spear  Conj/Erth      5%         10d3      100%        8


Dungeon Overview and Level Annotations

Branches:
Dungeon (10/15)            Temple (1/1) D:4            Lair (6/6) D:10
 Shoals (4/4) Lair:3        Snake (4/4) Lair:3        Slime (0/5) Lair:6
  Sewer (visited)
    Orc: D:9-12

Altars:
Ashenzari
Cheibriados
Dithmenos
Elyvilon
Fedhas
Gozag
Hepliaklqana
Kikubaaqudgha
Makhleb
Nemelex Xobeh
Okawaru
Qazlal
Ru
Sif Muna
Trog
Uskayaw
Vehumet
Wu Jian
Xom
Yredelemnul
Zin
The Shining One

Shops:
D:2 (   D:7 *   D:8 :   D:10 [   Snake:2 [*   Snake:4 (

Annotations:
D:4 1 runed translucent door, fly's ghost, weakling FoDe
D:6 2 transporters
D:10 Josephine; Snorg


Innate Abilities, Weirdness & Mutations

You are a lightning-filled tempest!
Your stormy fists strike out in all directions at once.
You are incredibly evasive.
You are flying.
Your armour is entirely melded.
You are incapable of wielding weapons or throwing items.
((Your serpentine skin is tough. (AC +5)))
You have supernaturally acute eyesight. (SInv)
((Armour fits poorly on your strangely shaped body.))
((Your system is resistant to poisons. (rPois)))
((You cover ground very slowly.))
You can spit poison.
((You can use your snake-like lower body to constrict enemies.))


Message History

Found a dire flail.
The merfolk impaler completely misses you.
The merfolk barely misses you. The merfolk impaler misses you.
Items here: )) [[ ††.
Magic scrolls do not work when you're silenced!
Okay, then.
You feel better.
The merfolk impaler hits you with a +3 trident of venom!
* * * LOW HITPOINT WARNING * * *
The merfolk completely misses you.
You feel better. The merfolk impaler closely misses you.
The merfolk hits you from afar with a +0 trident.
* * * LOW HITPOINT WARNING * * *
The merfolk impaler completely misses you.
You strike the helpless merfolk impaler from behind!
You blast the merfolk impaler!!!
You punch the merfolk impaler!
The merfolk impaler is severely wounded.
You strike the helpless merfolk avatar from behind!
You blast the merfolk avatar!!!
Lightning courses through the merfolk avatar!
The merfolk impaler hits you with a +3 trident of venom!
* * * LOW HITPOINT WARNING * * *
The merfolk completely misses you.
You feel better.
The merfolk impaler hits you but does no damage.
The merfolk misses you. The merfolk impaler closely misses you.
You batter the merfolk impaler!!
You kill the merfolk impaler!
Cheibriados thoroughly appreciates the change of pace.
You feel energetic enough to blinkbolt again.
The merfolk completely misses you.
You blast the merfolk avatar!!!
You kill the merfolk avatar!
Cheibriados thoroughly appreciates the change of pace.
The merfolk hits you with a +0 trident!
* * * LOW HITPOINT WARNING * * *
You buffet the merfolk!
The merfolk is lightly wounded.
The merfolk hits you with a +0 trident!
You die...

≈≈≈*≈**≈≈###≈.............≈PP≈≈.*
≈≈≈≈≈≈≈≈≈...!..P.P.#######PPP≈≈.,
≈≈≈≈≈≈≈≈≈.........##≈≈≈≈≈##PPPP≈≈
≈≈≈≈≈≈≈≈≈......P.##≈..≈≈#≈*#≈P≈≈≈
≈≈≈≈≈≈≈≈≈.....≈..#≈..≈≈≈,*≈*≈≈≈≈≈
≈≈≈≈≈≈≈≈≈.....≈..#..#≈≈≈,,≈*≈≈PP≈
≈≈≈≈≈≈≈≈≈........#≈.≈##m≈≈≈*≈≈≈≈≈
≈≈≈≈≈≈≈≈≈........#)m.≈#≈≈≈≈*≈≈≈≈≈
≈≈≈≈≈≈≈≈≈.......v#(#≈≈≈#,,≈*≈≈≈≈≈
≈≈≈≈≈≈≈≈≈≈.......m#≈#,,,,≈**≈≈≈≈≈
≈≈≈≈≈≈≈≈≈≈≈≈≈....))#≈≈≈≈≈#*≈≈≈≈≈≈
≈≈≈≈≈≈≈≈≈≈≈≈≈......)######≈≈≈≈≈≈≈
≈≈≈≈≈≈≈≈≈≈≈≈≈.......$.,≈≈≈≈≈≈≈≈≈≈
≈≈≈≈≈≈≈≈≈≈≈≈............≈≈≈≈≈≈≈≈≈
≈≈≈≈≈≈≈≈≈≈≈≈.............≈≈≈≈≈≈≈≈
≈≈≈≈≈≈≈≈≈≈≈≈..............≈≈≈≈≈≈*
≈≈≈≈≈≈≈≈≈≈≈≈..............≈≈≈≈≈≈*


You could see a merfolk.

Vanquished Creatures
  Asterion (Snake:3)
  Polyphemus (Shoals:2)
  Gastronok (D:8)
  Donald (Snake:2)
  6 nagarajas
  Aizul (Snake:3)
  A merfolk javelineer (Shoals:4)
  6 merfolk impalers
  9 naga warriors
  Harold (D:10)
  4 salamander tyrants
  2 hydras
  3 catoblepae
  6 merfolk avatars
  A boulder beetle (Lair:2)
  Erica (D:8)
  An alligator snapping turtle (Shoals:3)
  A merfolk aquamancer (Shoals:4)
  A satyr (Shoals:1)
  6 anacondas
  9 death yaks
  A two-headed ogre (D:10)
  6 shock serpents
  Urug (Lair:3)
  6 naga sharpshooters
  6 salamander mystics (Snake:4)
  14 sea snakes
  4 naga ritualists
  2 lindwurms (Lair:5)
  28 harpies
  Pikel (D:5)
  9 mana vipers
  11 fauns
  8 elephants
  10 salamanders
  10 manticores
  8 merfolk sirens
  5 cyclopes
  9 guardian serpents
  10 naga magi
  A torpor snail (Lair:5)
  29 black mambas
  2 water nymphs
  9 cane toads
  5 rime drakes
  9 komodo dragons
  4 polar bears
  20 merfolk
  9 meliai (Lair:5)
  A queen bee (Lair:5)
  5 wind drakes
  2 hornets
  Prince Ribbit (D:5)
  27 blink frogs
  12 dream sheep
  11 snapping turtles
  A shadow (D:10)
  7 wyverns
  Sigmund (D:5)
  5 water elementals
  6 basilisks
  50 yaks
  5 steam dragons
  Menkaure (D:7)
  34 nagas
  3 orc warriors
  A hornet zombie (D:6)
  17 water moccasins
  Pargi (Sewer)
  An ice beast (D:6)
  A sky beast (D:5)
  2 black bears
  3 ogres (D:6)
  A centaur (D:9)
  2 necrophages
  33 wolves
  A phantom (D:4)
  A kobold brigand (D:9)
  A wyvern zombie (D:7)
  A gnoll sergeant (D:8)
  3 scorpions
  8 bullfrogs
  A troll zombie (D:10)
  32 killer bees
  14 wights
  An electric eel (Lair:3)
  2 howler monkeys (D:10)
  A bullfrog zombie (D:6)
  5 centaur zombies
  8 hounds
  5 centaur skeletons
  A gnoll shaman (D:9)
  10 orc priests
  3 bullfrog skeletons
  Jessica (D:3)
  7 hell rats
  An iguana (D:5)
  9 orc wizards
  An ogre zombie (D:10)
  12 gnolls
  9 adders
  An ufetubus (D:7)
  A worm (D:4)
  The ghost of paps the Sneak, a weakling OpDe (D:5)
  A dart slug (D:3)
  31 orcs
  9 ball pythons
  8 bats
  4 endoplasms
  8 giant cockroaches
  7 hobgoblins
  2 jackals (D:2)
  8 quokkas
  2 frilled lizards
  10 goblins
  A goblin zombie (D:10)
  A hobgoblin zombie (D:10)
  14 kobolds
  7 orc zombies (D:10)
  3 rats (D:1)
791 creatures vanquished.

Vanquished Creatures (collateral kills)
  A naga sharpshooter (Snake:3)
  2 naga magi (Snake:3)
  A naga (Snake:3)
  A bat (D:3)
  A goblin (D:3)
  A kobold (D:3)
7 creatures vanquished.

Vanquished Creatures (others)
  A faun (Shoals:3)
  An ogre (D:5)
  2 killer bees (Lair:5)
  3 bushes (Lair:6)
  40 fungi
  139 plants
186 creatures vanquished.

Grand Total: 984 creatures vanquished

Notes
Turn   | Place    | Note
-------+----------+-------------------------------------------
     0 | D:1      | Avanven the Naga Transmuter began the quest for the Orb.
     0 | D:1      | Reached XP level 1. HP: 18/18 MP: 3/3
   217 | D:1      | Reached XP level 2. HP: 20/25 MP: 1/5
   947 | D:1      | Found a faded altar of an unknown god.
  1495 | D:2      | Reached XP level 3. HP: 31/31 MP: 4/6
  1593 | D:2      | Learned a level 3 spell: Spider Form
  1895 | D:2      | Found Deas's Antique Weapon Boutique.
  2034 | D:2      | Reached XP level 4. HP: 23/38 MP: 7/7
  3008 | D:3      | Found a glowing drain.
  3054 | Sewer    | Entered a sewer
  3078 | Sewer    | Noticed Pargi
  3090 | Sewer    | Killed Pargi
  3091 | Sewer    | Reached skill level 5 in Transmutations
  3091 | Sewer    | Reached XP level 5. HP: 41/44 MP: 5/8
  3157 | D:3      | Identified a scroll of acquirement
  3157 | D:3      | Acquired the amulet of Nyd Zax {Spirit Will+ Dex+7 Stlth-}
  3160 | D:3      | Noticed Jessica
  3170 | D:3      | Killed Jessica
  3171 | D:3      | Reached skill level 4 in Unarmed Combat
  3453 | D:3      | Learned a level 4 spell: Ice Form
  3502 | D:3      | Found a snail-covered altar of Cheibriados.
  3502 | D:3      | Found a faded altar of an unknown god.
  3514 | D:3      | Found a bloodstained altar of Trog.
  3517 | D:3      | Found a glowing silver altar of Zin.
  3518 | D:3      | Found a burning altar of Makhleb.
  3532 | D:3      | Became a worshipper of Cheibriados the Contemplative
  3575 | D:3      | Reached XP level 6. HP: 48/51 MP: 6/9
  4056 | D:4      | Found a runed translucent door.
  4062 | D:4      | Noticed fly's ghost (weakling FoDe)
  4162 | D:4      | Reached skill level 5 in Unarmed Combat
  4267 | D:4      | Noticed a black bear
  4284 | D:4      | Killed a black bear
  4285 | D:4      | Reached XP level 7. HP: 47/57 MP: 6/10
  4398 | D:4      | Reached * piety under Cheibriados
  4781 | D:4      | Found a staircase to the Ecumenical Temple.
  5224 | D:5      | Entered Level 5 of the Dungeon
  5262 | Temple   | Entered the Ecumenical Temple
  5389 | D:5      | Noticed Prince Ribbit
  5399 | D:5      | Killed Prince Ribbit
  5400 | D:5      | Reached skill level 6 in Unarmed Combat
  5400 | D:5      | Reached XP level 8. HP: 44/64 MP: 6/11
  5956 | D:5      | Found a shimmering blue altar of Sif Muna.
  5964 | D:5      | Noticed Sigmund
  5968 | D:5      | Killed Sigmund
  5969 | D:5      | Reached skill level 1 in Ice Magic
  5999 | D:5      | Noticed Pikel
  6011 | D:5      | Killed Pikel
  6012 | D:5      | Reached skill level 7 in Unarmed Combat
  6013 | D:5      | Reached ** piety under Cheibriados
  6217 | D:5      | Learned a level 3 spell: Ozocubu's Armour
  6250 | D:5      | Reached skill level 8 in Unarmed Combat
  6250 | D:5      | Reached XP level 9. HP: 54/70 MP: 5/12
  6461 | D:5      | Found a runed translucent door.
  6461 | D:5      | Noticed paps's ghost (weakling OpDe)
  6500 | D:5      | Killed paps's ghost
  6609 | D:5      | Found an ancient bone altar of Kikubaaqudgha.
  6912 | D:5      | Found an iron altar of Okawaru.
  6916 | D:5      | Found a hide-covered altar of Uskayaw.
  7172 | D:6      | Reached skill level 5 in Ice Magic
  7631 | D:6      | Found a transporter.
  7682 | D:6      | Found a transporter.
  7746 | D:6      | Reached skill level 9 in Unarmed Combat
  7976 | D:6      | Reached *** piety under Cheibriados
  8276 | D:6      | Found an ornate altar of the Wu Jian Council.
  8357 | D:7      | Noticed a hornet
  8364 | D:7      | Killed a hornet
  8517 | D:7      | Reached XP level 10. HP: 69/78 MP: 8/13
  8606 | D:7      | Found Esouxoi's Elemental Accessories.
  8743 | D:7      | Reached skill level 10 in Unarmed Combat
  8878 | D:7      | Identified the +11 quarterstaff of the Pariah {vorpal,
                  | Str+3 Int+3}
  8955 | D:7      | Noticed Menkaure
  8962 | D:7      | Killed Menkaure
  9245 | D:7      | Found a stormy altar of Qazlal.
  9722 | D:8      | Reached **** piety under Cheibriados
  9912 | D:8      | Noticed Erica
  9913 | D:8      | Noticed Gastronok
  9918 | D:8      | Killed Erica
  9930 | D:8      | Killed Gastronok
  9931 | D:8      | Reached skill level 11 in Unarmed Combat
  9931 | D:8      | Reached skill level 10 in Transmutations
 10049 | D:8      | Reached skill level 1 in Shields
 10058 | D:8      | Reached XP level 11. HP: 78/84 MP: 7/15
 10423 | D:8      | Reached skill level 12 in Unarmed Combat
 10502 | D:8      | Found Noiptet's Book Emporium.
 10508 | D:8      | Bought an Inescapable Atlas for 374 gold pieces
 10887 | D:8      | Reached ***** piety under Cheibriados
 11150 | D:9      | Found an opulent altar of Gozag.
 11193 | D:9      | Found a white marble altar of Elyvilon.
 11387 | D:9      | Found a broken altar of Ashenzari.
 11923 | D:10     | Entered Level 10 of the Dungeon
 11927 | D:10     | Noticed Harold
 11936 | D:10     | Killed Harold
 12125 | D:10     | Noticed Snorg
 12133 | D:10     | Noticed Josephine
 12137 | D:10     | Found Onunerao's Armour Shop.
 12429 | D:10     | Noticed a two-headed ogre
 12441 | D:10     | Killed a two-headed ogre
 12727 | D:10     | Found a staircase to the Lair.
 12736 | Lair:1   | Entered Level 1 of the Lair of Beasts
 12744 | Lair:1   | Reached skill level 13 in Unarmed Combat
 12999 | Lair:1   | Reached XP level 12. HP: 91/91 MP: 14/18
 13821 | Lair:2   | Reached ****** piety under Cheibriados
 13993 | Lair:2   | Noticed a boulder beetle
 14003 | Lair:2   | Killed a boulder beetle
 14004 | Lair:2   | Reached skill level 14 in Unarmed Combat
 15027 | Lair:2   | Noticed a catoblepas
 15034 | Lair:2   | Killed a catoblepas
 15533 | Lair:3   | Noticed Urug
 15550 | Lair:3   | Killed Urug
 15587 | Lair:3   | Reached skill level 15 in Unarmed Combat
 15770 | Lair:3   | Gained mutation: You can use your snake-like lower body to
                  | constrict enemies. [Naga growth]
 15770 | Lair:3   | Reached XP level 13. HP: 103/103 MP: 14/19
 16057 | Lair:3   | Got the Grimoire of Conjuration
 16083 | Lair:3   | Found a staircase to the Shoals.
 16436 | Lair:3   | Found a staircase to the Snake Pit.
 17672 | Lair:4   | Reached skill level 5 in Fighting
 17784 | Lair:4   | Learned a level 7 spell: Storm Form
 17835 | Lair:5   | Reached skill level 1 in Air Magic
 18223 | Lair:5   | Reached skill level 5 in Air Magic
 19278 | Lair:5   | Reached XP level 14. HP: 117/117 MP: 15/20
 20005 | Lair:5   | Reached skill level 10 in Air Magic
 20257 | Lair:6   | Entered Level 6 of the Lair of Beasts
 21151 | Lair:6   | Found a staircase to the Slime Pits.
 22006 | Snake:1  | Entered Level 1 of the Snake Pit
 22360 | Snake:1  | Reached skill level 16 in Unarmed Combat
 22733 | Snake:1  | Reached XP level 15. HP: 82/123 MP: 1/21
 23922 | Snake:1  | Identified the +4 chain mail "Yvidym" {+Blink Int+2 Dex-4}
 24274 | Snake:2  | Found Coaqiref's Armour Shop.
 24321 | Snake:2  | Noticed Donald
 24342 | Snake:2  | Killed Donald
 25058 | Snake:2  | Found a snail-covered altar of Cheibriados.
 25471 | Snake:2  | Found Tugy Ral's General Store.
 25508 | Snake:3  | Noticed a nagaraja
 25512 | Snake:3  | Killed a nagaraja
 25722 | Snake:3  | Noticed Aizul
 25730 | Snake:3  | Killed Aizul
 25853 | Snake:3  | Identified the +6 spear "Hopnytoy" {freeze, Drain rF+ rCorr
                  | Str+9}
 26247 | Snake:3  | Reached skill level 17 in Unarmed Combat
 26426 | Snake:3  | Noticed Asterion
 26429 | Snake:3  | Noticed an Executioner
 26430 | Snake:3  | Killed Asterion
 27171 | Snake:4  | Entered Level 4 of the Snake Pit
 27354 | Snake:4  | Reached skill level 5 in Shields
 27707 | Snake:4  | Found Imomn's Antique Weapon Shoppe.
 27865 | Snake:4  | Reached XP level 16. HP: 126/133 MP: 19/22
 29244 | Snake:4  | Noticed a nagaraja
 29245 | Snake:4  | Noticed a nagaraja
 29251 | Snake:4  | Killed a nagaraja
 29264 | Snake:4  | Killed a nagaraja
 29275 | Snake:4  | Noticed a nagaraja
 29290 | Snake:4  | Killed a nagaraja
 29683 | Snake:4  | Noticed a nagaraja
 29684 | Snake:4  | Noticed a nagaraja
 29691 | Snake:4  | Killed a nagaraja
 29703 | Snake:4  | Killed a nagaraja
 30083 | Snake:4  | Reached skill level 18 in Unarmed Combat
 30086 | Snake:4  | Got a serpentine rune of Zot
 30577 | Snake:4  | Identified the +1 leather armour "Zyivu" {rF++ Dex-2
                  | Slay+3}
 30820 | Shoals:1 | Entered Level 1 of the Shoals
 31386 | Shoals:1 | You are sucked into a shaft and drop 1 floor!
 31525 | Shoals:1 | Learned a level 5 spell: Silence
 31887 | Shoals:1 | Reached XP level 17. HP: 140/140 MP: 22/24
 31909 | Shoals:1 | Reached skill level 5 in Spellcasting
 32473 | Shoals:2 | Noticed Polyphemus
 32478 | Shoals:2 | Killed Polyphemus
 33051 | Shoals:2 | Reached skill level 1 in Invocations
 33585 | Shoals:3 | Reached skill level 5 in Invocations
 34566 | Shoals:4 | Entered Level 4 of the Shoals
 34725 | Shoals:4 | Noticed a kraken
 34800 | Shoals:4 | HP: 2/140 [merfolk impaler (12)]
 34809 | Shoals:4 | HP: 6/140 [merfolk impaler (10)]
 34815 | Shoals:4 | Slain by a merfolk

Illustrated notes

Levels and vault maps discovered:
D:1:      ebering_trefoil_twist, layout_basic,
          ebering_ecumenical_altar_abandoned, minmay_misc_feat_plants,
          minmay_misc_feat_enclosed, minivault_25
D:2:      minmay_wonky_spiral, layout_loops_corners, serial_shops, shop
D:3:      layout_rooms, chequers_temple_overflow_minitemple,
          gup_sewer_entry_pipe, uniq_jessica
D:4:      layout_basic, minmay_temple_entry_wispy, ebering_ghost_sewer_d,
          minmay_pentangle
D:5:      lemuel_ice_spiral_2, layout_basic, lemuel_round_altar,
          grunt_temple_overflow_open, mainiacjoe_overflow_boulevard,
          hellmonk_ghost_happy_afterlife, uniq_sigmund, uniq_prince_ribbit1,
          uniq_pikel
D:6:      gammafunk_steamed_eel, layout_basic,
          nicolae_wu_jian_immortal_techniques, minmay_small_thing
D:7:      layout_loops_ring, marbit_many_paths, hangedman_decor_peaks_small,
          nicolae_elemental_shop, uniq_menkaure
D:8:      layout_loops_corners, serial_shops, kennysheep_little_box,
          amcnicky_mini_corridor_feature, uniq_gastronok, uniq_erica
D:9:      layout_cave_pools, evilmike_ruin_ashenzari, grunt_gozag_breadcrumbs,
          elyvilon_altar_5, hex_tiny
D:10:     layout_irregular_city, david_lair_generic, zombieorc2_lemuel,
          serial_shops, shop, minivault_24, uniq_josephine, uniq_snorg,
          uniq_harold
Temple:   kb_temple_of_zot
Lair:1:   layout_chaotic_city, grunt_megastairs_3
Lair:2:   layout_cave_pods, grunt_megastairs_2
Lair:3:   layout_long_grid, elwin_shoals_entry_rooms,
          guppyfry_snake_entry_garden, grunt_forest_large_clearings,
          lemuel_fruit_fields, uniq_urug
Lair:4:   layout_misc_corridors, grunt_megastairs_4
Lair:5:   regret_index_combs_of_tragedy, layout_layer_cave, st_stairs_9,
          serial_bayou_pond_a, grunt_megastairs_1
Lair:6:   gammafunk_lair_ancient_temple, layout_regular_city, slime_dummy,
          st_stairs_3, serial_bayou_pond_c
Shoals:1: layout_shoals
Shoals:2: layout_shoals, uniq_polyphemus
Shoals:3: layout_shoals
Shoals:4: shoals_end_hangedman, layout_shoals,
          nicolae_shoals_kraken_intersection, uniq_mara
Snake:1:  layout_grid_maze
Snake:2:  layout_cave_shapes, serial_shops, shop, nicolae_shop_behind_doors,
          basic_altar, uniq_donald
Snake:3:  layout_grid_maze, uniq_aizul, uniq_asterion, uniq_vashnia
Snake:4:  johnstein_snake_rune_scales, layout_cave_town, serial_shops,
          nicolae_lakefront_shop, grunt_ministairs_14, grunt_megastairs_5,
          serial_bayou_shore_b

Skill      XL: |  1  2  3  4  5  6  7  8  9 10 11 12 13 14 15 16 17 |
---------------+----------------------------------------------------+-----
Transmutations | 3 4 5 6 7 8 10 11 12 13 14 | 14.4
Unarmed Combat | 4 5 6 8 9 11 13 15 16 17 18 | 18.4
Ice Magic      | 4 5 6 7 |  7.2
Shields        | 1 2 6 9 |  9.0
Spellcasting   | 4 7 |  7.5
Fighting       | 3 5 6 |  6.0
Air Magic      | 7 11 12 13 | 13.3
Dodging        | 3 |  3.1
Invocations    | 8 |  8.3

Action                   |  1- 3 |  4- 6 |  7- 9 | 10-12 | 13-15 | 16-18 || total
-------------------------+-------+-------+-------+-------+-------+-------++-------
Melee: Unarmed           |    94 |   148 |   246 |   463 |   668 |   397 ||  2016
       Headbutt          |    16 |    15 |    22 |     4 |       |       ||    57
       Punch             |       |     3 |     3 |     1 |    18 |    31 ||    56
       Constrict         |       |       |       |       |     1 |     7 ||     8
 Cast: Beastly Appendage |    26 |    24 |    23 |     2 |       |       ||    75
       Spider Form       |       |     5 |     1 |       |       |       ||     6
       Ice Form          |       |       |    15 |    48 |    68 |    19 ||   150
       Ozocubu's Armour  |       |       |     2 |     6 |    16 |     7 ||    31
       Storm Form        |       |       |       |       |    17 |    34 ||    51
       Silence           |       |       |       |       |       |     2 ||     2
 Abil: Spit Poison       |       |       |       |     1 |       |     1 ||     2
       Blinkbolt         |       |       |       |       |    15 |    32 ||    47
       End Transformatio |       |       |       |       |       |     5 ||     5
  Use: Scroll            |     1 |     6 |     6 |    14 |    11 |     3 ||    41
       Potion            |       |       |       |     2 |     4 |    10 ||    16
 Stab: Sleeping          |     1 |       |       |     2 |     1 |       ||     4
       Distracted        |       |       |       |       |       |     1 ||     1
       Invisible         |       |       |       |       |       |     2 ||     2
Armor: Robe              |    25 |    32 |    49 |    14 |    12 |     7 ||   139
       Skin              |       |     3 |    36 |   225 |   275 |   186 ||   725
Dodge: Dodged            |    45 |   142 |   121 |   225 |   399 |   390 ||  1322
Block: Buckler           |       |       |       |     7 |     7 |     6 ||    20
       Kite shield       |       |       |       |       |       |    24 ||    24

Table legend: (Time is in decaauts)
 A = Elapsed time spent in this place.
 B = Non-inter-level travel time spent in this place.
 C = Inter-level travel time spent in this place.
 D = Time resting spent in this place.
 E = Time spent auto-exploring this place.
 F = Levels seen in this place.
 G = Mean time per level.
                   A        B        C        D        E       F      G
               +--------+--------+--------+--------+--------+-----+--------+
         Total |  55122 |  53107 |   2015 |  10111 |  30149 |  26 | 2120.1 |
       Dungeon |  18034 |  17533 |    501 |   2456 |  12158 |  10 | 1803.4 |
        Temple |    193 |    193 |      0 |      0 |    161 |   1 |  193.0 |
          Lair |  16686 |  15777 |    909 |   1902 |  11347 |   6 | 2781.0 |
        Shoals |   6085 |   6036 |     49 |   1781 |    916 |   4 | 1521.2 |
     Snake Pit |  13963 |  13409 |    554 |   3972 |   5565 |   4 | 3490.8 |
         Sewer |    159 |    159 |      0 |      0 |      0 |   1 |  159.0 |
               +--------+--------+--------+--------+--------+-----+--------+

Top non-repeatable levels by time:
 Snake:4: 5526 daAuts
  Lair:5: 4260 daAuts
 Snake:1: 3553 daAuts
  Lair:3: 3100 daAuts
  Lair:6: 2972 daAuts
  Lair:2: 2757 daAuts
     D:8: 2719 daAuts
 Snake:2: 2452 daAuts
 Snake:3: 2430 daAuts
     D:5: 2334 daAuts
Shoals:2: 2114 daAuts
     D:4: 2020 daAuts
  Lair:1: 1966 daAuts
     D:6: 1920 daAuts
     D:7: 1885 daAuts
